SA
NEBRASKA PLAINSMEN @ BELLEVUE BRUINS
09/03/2029
 
TOP OF THE 1ST
Nebraska Plainsmen batting - Pitching for Bellevue Bruins : RHP Kewiki Pua
Pitching: RHP Kewiki Pua
Batting: SHB Cyrille Baffi 0-0: Called Strike
0-1: Called Strike
0-2: Ball
1-2: Strikes out swinging
Batting: RHB Jen-djieh Cheung 0-0: Called Strike
0-1: Ball
1-1: Ground out 6-3 (Groundball, 6)
Batting: SHB Allen Pandey 0-0: Foul Ball, location: 2F
0-1: Ball
1-1: Foul Ball, location: 2F
1-2: Strikes out looking
Top of the 1st over - 0 runs, 0 hits, 0 errors, 0 left on base; Nebraska 0 - Bellevue 0
BOTTOM OF THE 1ST
Bellevue Bruins batting - Pitching for Nebraska Plainsmen : RHP Luis Bustamante
Pitching: RHP Luis Bustamante
Batting: LHB Juan Romero 0-0: Bunt for hit - play at first, batter OUT! 1-3
Batting: RHB Ryan Faulkner 0-0: Ball
Error on foul ball, E5
1-1: Ground out 6-3 (Groundball, 6)
Batting: SHB Júlio Morín Jr. 0-0: Called Strike
0-1: Foul Ball, location: 2F
0-2: Foul Ball, location: 2F
0-2: SINGLE (Groundball, 6) (infield hit)
Batting: SHB Aurelio Jiménez 0-0: Called Strike
0-1: Ball
1-1: Swinging Strike
1-2: Foul Ball, location: 2F
1-2: Strikes out swinging, 2-3 out at first.
Bottom of the 1st over - 0 runs, 1 hit, 1 error, 1 left on base; Nebraska 0 - Bellevue 0
TOP OF THE 2ND
Nebraska Plainsmen batting - Pitching for Bellevue Bruins : RHP Kewiki Pua
Batting: SHB Rafael Porfrio 0-0: Fly out, F8 (Flyball, 8RD)
Batting: RHB Hamilton Swan 0-0: Swinging Strike
0-1: Ball
1-1: Ball
2-1: SINGLE (Flyball, 89S)
Batting: RHB Shelby Loudenslager 0-0: Swinging Strike
0-1: Ball
1-1: Foul Ball, location: 2F
1-2: Ball
2-2: Foul Ball, location: 2F
2-2: Strikes out swinging
Batting: SHB José Muńóz 0-0: Swinging Strike
0-1: Foul Ball, location: 2F
0-2: Ball
1-2: Fly out, F6 (Line Drive, 6)
Top of the 2nd over - 0 runs, 1 hit, 0 errors, 1 left on base; Nebraska 0 - Bellevue 0
BOTTOM OF THE 2ND
Bellevue Bruins batting - Pitching for Nebraska Plainsmen : RHP Luis Bustamante
Batting: RHB Miguel Elías 0-0: Ground out 6-3 (Groundball, 6)
Batting: LHB David Muller 0-0: SINGLE (Groundball, 4D)
Batting: LHB Domingo Colón 0-0: Called Strike
0-1: Ground out 6-3 (Groundball, 6S)
David Muller to second
Batting: RHB Ramón Ramírez 0-0: Swinging Strike
0-1: Ball
1-1: Swinging Strike
1-2: Ball
2-2: Ball
3-2: Foul Ball, location: 2F
3-2: Strikes out swinging
Bottom of the 2nd over - 0 runs, 1 hit, 0 errors, 1 left on base; Nebraska 0 - Bellevue 0
TOP OF THE 3RD
Nebraska Plainsmen batting - Pitching for Bellevue Bruins : RHP Kewiki Pua
Batting: RHB Phil McCroskey 0-0: Called Strike
0-1: Called Strike
0-2: Ball
1-2: Strikes out swinging
Batting: RHB Matthias Ballerini 0-0: Ball
1-0: Ball
2-0: Ball
3-0: Called Strike
3-1: Foul Ball, location: 2F
3-2: Base on Balls
Batting: SHB Cyrille Baffi 0-0: Ball
1-0: Called Strike
1-1: Ball
2-1: Ground out 4-3 (Groundball, 34D)
Matthias Ballerini to second
Batting: RHB Jen-djieh Cheung 0-0: Ball
1-0: Ball
2-0: Ball
3-0: Base on Balls
Batting: SHB Allen Pandey 0-0: Fly out, F8 (Flyball, 8LD)
Top of the 3rd over - 0 runs, 0 hits, 0 errors, 2 left on base; Nebraska 0 - Bellevue 0
BOTTOM OF THE 3RD
Bellevue Bruins batting - Pitching for Nebraska Plainsmen : RHP Luis Bustamante
Batting: RHB Dennis Shaw 0-0: Called Strike
0-1: Called Strike
0-2: Strikes out swinging
Batting: LHB Juan Romero 0-0: Ball
1-0: Fly out, F8 (Flyball, 8RM)
Batting: RHB Ryan Faulkner 0-0: Ground out 5-3 (Groundball, 5)
Bottom of the 3rd over - 0 runs, 0 hits, 0 errors, 0 left on base; Nebraska 0 - Bellevue 0
TOP OF THE 4TH
Nebraska Plainsmen batting - Pitching for Bellevue Bruins : RHP Kewiki Pua
Batting: SHB Rafael Porfrio 0-0: SINGLE (Groundball, 4MD)
Batting: RHB Hamilton Swan 0-0: Ball
1-0: Called Strike
1-1: Foul Ball, location: 2F
1-2: Ball
2-2: 2-RUN HOME RUN (Flyball, 7D), Distance : 402 ft
Batting: RHB Shelby Loudenslager 0-0: Called Strike
0-1: Foul Ball, location: 2F
0-2: Ball
1-2: Ball
2-2: Strikes out swinging
Batting: SHB José Muńóz 0-0: Ball
1-0: Called Strike
1-1: SINGLE (Flyball, 9S)
Batting: RHB Phil McCroskey 0-0: Ball
1-0: Called Strike
1-1: Fly out, F9 (Flyball, 89S)
Batting: RHB Matthias Ballerini 0-0: Ball
1-0: Called Strike
1-1: Fly out, F4 (Line Drive, 4)
Top of the 4th over - 2 runs, 3 hits, 0 errors, 1 left on base; Nebraska 2 - Bellevue 0
BOTTOM OF THE 4TH
Bellevue Bruins batting - Pitching for Nebraska Plainsmen : RHP Luis Bustamante
Batting: SHB Júlio Morín Jr. 0-0: Called Strike
0-1: Ball
1-1: SINGLE (Line Drive, 6MD)
Batting: SHB Aurelio Jiménez 0-0: Ball
1-0: 2-RUN HOME RUN (Flyball, 9LD), Distance : 364 ft
Batting: RHB Miguel Elías 0-0: Foul Ball, location: 2F
0-1: Ball
1-1: Called Strike
1-2: Reached on error, E6 (Groundball, 6)
Batting: LHB David Muller 0-0: Ball
1-0: Ball
2-0: Ball
3-0: Base on Balls
Miguel Elías to second
Batting: LHB Domingo Colón 0-0: Foul Ball, location: 2F
0-1: Ball
1-1: Ground out U3 (Groundball, 23)
Miguel Elías to third
David Muller to second
Batting: RHB Ramón Ramírez 0-0: Called Strike
0-1: Called Strike
0-2: Ground out 5-3 (Groundball, 5S)
Batting: RHB Dennis Shaw 0-0: Called Strike
0-1: Foul Ball, location: 2F
0-2: Fly out, F7 (Line Drive, 7LD)
Bottom of the 4th over - 2 runs, 2 hits, 1 error, 2 left on base; Nebraska 2 - Bellevue 2
TOP OF THE 5TH
Nebraska Plainsmen batting - Pitching for Bellevue Bruins : RHP Kewiki Pua
Batting: SHB Cyrille Baffi 0-0: SINGLE (Groundball, 5S) (infield hit)
Batting: RHB Jen-djieh Cheung 0-0: Ball
1-0: Bunt missed!
1-1: Called Strike
1-2: Fly out, F5 (Line Drive, 5)
Batting: SHB Allen Pandey 0-0: Ball
1-0: Called Strike
1-1: Ball
2-1: Ball
3-1: Fielders Choice at 2nd, 1-4 (Groundball, 15S)
Batting: SHB Rafael Porfrio 0-0: Foul Ball, location: 2F
0-1: Ball
1-1: Ball
2-1: Called Strike
Allen Pandey steals 2nd base
2-2: Foul Ball, location: 2F
2-2: 2-RUN HOME RUN (Flyball, 9LD), Distance : 353 ft
Batting: RHB Hamilton Swan 0-0: Foul Ball, location: 2F
0-1: Called Strike
0-2: Ball
1-2: Strikes out swinging
Top of the 5th over - 2 runs, 2 hits, 0 errors, 0 left on base; Nebraska 4 - Bellevue 2
BOTTOM OF THE 5TH
Bellevue Bruins batting - Pitching for Nebraska Plainsmen : RHP Luis Bustamante
Batting: LHB Juan Romero 0-0: Ball
1-0: Ball
2-0: Ball
3-0: Called Strike
3-1: Base on Balls
Batting: RHB Ryan Faulkner 0-0: Ball
1-0: Bunted foul
1-1: Ball
2-1: Bunt missed!
2-2: SINGLE (Groundball, 56D)
Juan Romero to second
Batting: SHB Júlio Morín Jr. 0-0: Called Strike
0-1: Swinging Strike
0-2: Ball
1-2: SINGLE (Groundball, 34D)
Juan Romero to third
Ryan Faulkner to second
Runner from 3rd tries for Home, SAFE, no throw
Batting: SHB Aurelio Jiménez 0-0: Called Strike
0-1: Ball
1-1: Swinging Strike
1-2: Strikes out swinging
Batting: RHB Miguel Elías 0-0: Ball
1-0: Swinging Strike
1-1: Ball
2-1: SINGLE (Line Drive, 7S)
Ryan Faulkner to third
Júlio Morín Jr. to second
Runner from 3rd tries for Home, SAFE, no throw
Batting: LHB David Muller 0-0: Called Strike
0-1: Swinging Strike
0-2: Strikes out looking
Batting: LHB Domingo Colón 0-0: Called Strike
0-1: Ground out 2-3 (Groundball, 13S)
Bottom of the 5th over - 2 runs, 3 hits, 0 errors, 2 left on base; Nebraska 4 - Bellevue 4
TOP OF THE 6TH
Nebraska Plainsmen batting - Pitching for Bellevue Bruins : RHP Kewiki Pua
Batting: RHB Shelby Loudenslager 0-0: DOUBLE (Line Drive, 78D)
Pitching: RHP Jorge Travieso
Batting: SHB José Muńóz 0-0: Ball
1-0: Swinging Strike
1-1: Ground out 4-3 (Groundball, 4S)
Shelby Loudenslager to third
Batting: RHB Phil McCroskey 0-0: Intentional Walk
Batting: RHB Matthias Ballerini 0-0: Fielders Choice at 2nd, 1-6 (Groundball, P)
Batting: SHB Cyrille Baffi 0-0: Ball
Matthias Ballerini steals 2nd base
1-0: Ball
2-0: Ball
3-0: Called Strike
3-1: Base on Balls
Batting: RHB Jen-djieh Cheung 0-0: Fielders Choice at 2nd, 5-4 (Groundball, 56)
Top of the 6th over - 0 runs, 1 hit, 0 errors, 3 left on base; Nebraska 4 - Bellevue 4
BOTTOM OF THE 6TH
Bellevue Bruins batting - Pitching for Nebraska Plainsmen : RHP Luis Bustamante
Batting: RHB Ramón Ramírez 0-0: Ball
1-0: Ball
2-0: Foul Ball, location: 2F
2-1: Ball
3-1: Base on Balls
Batting: RHB Dennis Shaw 0-0: Foul Ball, location: 2F
0-1: Ball
1-1: Ball
2-1: Swinging Strike
2-2: Hit by Pitch
Ramón Ramírez to second
Batting: LHB Juan Romero 0-0: Bunted foul
0-1: Sac Bunt - play at first, batter OUT! U3
Ramón Ramírez to third
Dennis Shaw to second
Batting: RHB Ryan Faulkner 0-0: Ball
1-0: Ball
2-0: Called Strike
2-1: Called Strike
2-2: Ground out 5-3 (Groundball, 56)
Batting: SHB Júlio Morín Jr. 0-0: Called Strike
0-1: Swinging Strike
0-2: Foul Ball, location: 2F
0-2: Ground out U3 (Groundball, 3L)
Bottom of the 6th over - 0 runs, 0 hits, 0 errors, 2 left on base; Nebraska 4 - Bellevue 4
TOP OF THE 7TH
Nebraska Plainsmen batting - Pitching for Bellevue Bruins : RHP Jorge Travieso
Pinch Hitting: RHB Alco Compagne 0-0: Foul Ball, location: 2F
0-1: Foul Ball, location: 2F
0-2: Ball
1-2: Ball
2-2: Strikes out looking
Batting: SHB Rafael Porfrio 0-0: Called Strike
0-1: Foul Ball, location: 2F
0-2: Ball
1-2: Ball
2-2: Strikes out swinging
Batting: RHB Hamilton Swan 0-0: Ball
1-0: Called Strike
1-1: Fly out, F8 (Flyball, 8RM)
Top of the 7th over - 0 runs, 0 hits, 0 errors, 0 left on base; Nebraska 4 - Bellevue 4
BOTTOM OF THE 7TH
Bellevue Bruins batting - Pitching for Nebraska Plainsmen : RHP Luis Bustamante
Now in LF: Alco Compagne
Batting: SHB Aurelio Jiménez 0-0: Ball
1-0: Ball
2-0: Ball
3-0: Base on Balls
Batting: RHB Miguel Elías 0-0: Ball
1-0: Called Strike
1-1: Ball
2-1: 2-RUN HOME RUN (Flyball, 78XD), Distance : 436 ft
Pitching: RHP César Román
Batting: LHB David Muller 0-0: Ground out 6-3 (Groundball, 6)
Batting: LHB Domingo Colón 0-0: Ball
1-0: Called Strike
1-1: Foul Ball, location: 2F
1-2: Ground out 4-3 (Groundball, 4)
Batting: RHB Ramón Ramírez 0-0: Ball
1-0: Called Strike
1-1: Ball
2-1: Swinging Strike
2-2: Strikes out swinging
Bottom of the 7th over - 2 runs, 1 hit, 0 errors, 0 left on base; Nebraska 4 - Bellevue 6
TOP OF THE 8TH
Nebraska Plainsmen batting - Pitching for Bellevue Bruins : RHP Jorge Travieso
Batting: RHB Shelby Loudenslager 0-0: Ball
1-0: Ball
2-0: Swinging Strike
2-1: Called Strike
2-2: Ball
3-2: Foul Ball, location: 2F
3-2: Base on Balls
Batting: SHB José Muńóz 0-0: Swinging Strike
0-1: Swinging Strike
0-2: Ball
1-2: DOUBLE (Line Drive, 7LM)
Shelby Loudenslager to third
Runner from 3rd tries for Home, SAFE, no throw
Pinch Hitting: RHB Lloyd Raaijmakers 0-0: Called Strike
0-1: Fly out, F7 (Flyball, 7S)
Pinch Hitting: RHB José Bravo 0-0: Ball
1-0: SINGLE (Line Drive, 8RS)
José Muńóz to third
Batting: SHB Cyrille Baffi 0-0: Ball
1-0: DOUBLE (Line Drive, 7LM)
José Muńóz scores
José Bravo to third
Runner from 3rd tries for Home, SAFE, no throw
Pitching: LHP Christian Clayton
Batting: RHB Jen-djieh Cheung 0-0: Ball
1-0: Ball
2-0: Called Strike
2-1: Ball
3-1: Ground out 5-3 (Groundball, 56)
Batting: RHB Alco Compagne 0-0: Ball
1-0: Called Strike
1-1: Ball
2-1: Foul Ball, location: 2F
2-2: DOUBLE (Line Drive, 78XD)
Cyrille Baffi scores
Batting: SHB Rafael Porfrio 0-0: Called Strike
0-1: Ball
1-1: Ball
2-1: Ball
3-1: Base on Balls
Batting: RHB Hamilton Swan 0-0: Called Strike
0-1: Ball
1-1: SINGLE (Line Drive, 4MD)
Alco Compagne to third
Rafael Porfrio to second
Runner from 3rd tries for Home, SAFE, no throw
Batting: RHB Shelby Loudenslager 0-0: Ball
1-0: Fly out, F9 (Flyball, 89S)
Top of the 8th over - 5 runs, 5 hits, 0 errors, 2 left on base; Nebraska 9 - Bellevue 6
BOTTOM OF THE 8TH
Bellevue Bruins batting - Pitching for Nebraska Plainsmen : RHP César Román
Now at 2B: José Germán
Now at SS: Lloyd Raaijmakers
Batting: RHB Dennis Shaw 0-0: Ground out 5-3 (Groundball, 5)
Batting: LHB Juan Romero 0-0: Ball
1-0: Ball
2-0: Ball
3-0: Base on Balls
Batting: RHB Ryan Faulkner 0-0: SINGLE (Line Drive, 89S)
Juan Romero to second
Batting: SHB Júlio Morín Jr. 0-0: Called Strike
0-1: Ball
1-1: Called Strike
1-2: Ball
2-2: Foul Ball, location: 2F
2-2: Foul Ball, location: 2F
2-2: Strikes out swinging
Batting: SHB Aurelio Jiménez 0-0: Ball
1-0: Ground out U3 (Groundball, 34S)
Bottom of the 8th over - 0 runs, 1 hit, 0 errors, 2 left on base; Nebraska 9 - Bellevue 6
TOP OF THE 9TH
Nebraska Plainsmen batting - Pitching for Bellevue Bruins : LHP Christian Clayton
Batting: SHB José Muńóz 0-0: Called Strike
0-1: Called Strike
0-2: Ball
1-2: SINGLE (Groundball, 34S) (infield hit)
Batting: RHB Lloyd Raaijmakers 0-0: Ball
1-0: Swinging Strike
1-1: Ball
2-1: Ball
3-1: Ground out 6-3 (Groundball, 6S)
José Muńóz to second
Batting: RHB José Germán 0-0: Ball
1-0: Ground out 6-3 (Groundball, 6)
Batting: SHB Cyrille Baffi 0-0: Ball
1-0: SINGLE (Line Drive, 8LS)
José Muńóz to third
Runner from 3rd tries for Home, SAFE, no throw
Pitching: LHP Miguel Jiménez
Batting: RHB Jen-djieh Cheung 0-0: Called Strike
0-1: Swinging Strike
0-2: Strikes out swinging
Top of the 9th over - 1 run, 2 hits, 0 errors, 1 left on base; Nebraska 10 - Bellevue 6
BOTTOM OF THE 9TH
Bellevue Bruins batting - Pitching for Nebraska Plainsmen : RHP César Román
Pitching: RHP Nick Kelley
Batting: RHB Miguel Elías 0-0: DOUBLE (Line Drive, 78XD)
Batting: LHB David Muller 0-0: Swinging Strike
0-1: Ball
1-1: Swinging Strike
1-2: Strikes out swinging
Batting: LHB Domingo Colón 0-0: Foul Ball, location: 2F
0-1: Foul Ball, location: 2F
0-2: Ball
1-2: Foul Ball, location: 2F
1-2: Ground out 1-3 (Groundball, 13)
Miguel Elías to third
Batting: RHB Ramón Ramírez 0-0: Foul Ball, location: 2F
0-1: Ball
1-1: Fly out, F1 (Line Drive, 13)
Bottom of the 9th over - 0 runs, 1 hit, 0 errors, 1 left on base; Nebraska 10 - Bellevue 6
Tuesday, December 19th, 2017 - OOTP Baseball 18.8 Build 76